 Dungeon Crawl Stone Soup version 0.31.0-32-g396128a36d (webtiles) character file.

Game seed: 10978366537800974685

53 Killerpretzel the Changeling (level 3, -2/36 HPs)
             Began as an Octopode Shapeshifter on Apr 10, 2024.
             Killed from afar by an orc wizard (6 damage)
             ... with a puff of flame
             ... on level 2 of the Dungeon.
             The game lasted 00:01:16 (1105 turns).

Killerpretzel the Changeling (OpSh)                 Turns: 1105, Time: 00:01:16

Health: -2/36      AC: 21    Str: 13    XL:     3   Next: 89%
Magic:  3/3        EV:  2    Int: 12    God:
Gold:   60         SH:  0    Dex: 13    Spells: 2/2 levels left

rFire   . .          .
                       - Unarmed
rCold   . . .        (no shield)
rNeg    . . .        (helmet currently unavailable)
rPois   +            (no amulet)
rElec   .            (no ring)
rCorr   .            (no ring)
SInv    .            (no ring)
Will    .....        (no ring)
Stlth   +            (no ring)
HPRegen 0.26/turn    (no ring)
MPRegen 0.08/turn    (no ring)
                     (no ring)

%: no passive effects
@: tree-form
A: stationary, stasis, torment immunity, boosted hp, almost no armour,
(amphibious), 8 rings, (camouflage 1), (gelatinous body 1), (nimble swimmer 1),
(tentacles)
a: no special abilities


You were on level 2 of the Dungeon.
You were a tree.
You visited 1 branch of the dungeon, and saw 2 of its levels.

You collected 60 gold pieces.

Inventory:

Talismans
 b - a beast talisman
 c - a flux talisman
Scrolls
 i - 3 scrolls of immolation {unknown}
Potions
 d - a potion of mutation {unknown}
 e - 2 potions of might {unknown}
 f - a potion of attraction {unknown}
 g - a potion of heal wounds {unknown}
 h - a potion of brilliance {unknown}
 j - a potion of enlightenment {unknown}


   Skills:
 + Level 1.7 Fighting
 + Level 2.5 Dodging
 + Level 3.3 Unarmed Combat
 * Level 3.6 Shapeshifting


You had 2 spell levels left.
You didn't know any spells.
Your spell library contained the following spells:

 Spells                   Type           Power      Damage    Failure   Level
 Sting                    Conj/Alch      0%         1d3       32%         1
 Mercury Vapours          Alch/Air       0%         N/A       45%         2
 Olgreb's Toxic Radiance  Alch           0%         N/A       97%         4


Dungeon Overview and Level Annotations

Branches:
Dungeon (2/15)

Altars:
Vehumet


Innate Abilities, Weirdness & Mutations

You are a tree.
Your roots penetrate the ground, keeping you stationary.
You cannot be teleported.
You are immune to unholy pain and torment.
Your maximum health is greatly increased.
You cannot wear most types of armour.
((You are amphibious.))
You can wear up to eight rings at the same time.
((Your skin changes colour to match your surroundings (Stealth+).))
((Your rubbery body absorbs attacks. (AC +1, EV +1)))
((You are camouflaged when in or above water. (Stealth+)))
((You have tentacles for arms and can constrict up to eight enemies at once.))


Message History

a +0 falchion; a +0 ring mail; an orc corpse An orc and an orc wizard come into view.
You see here a +0 mace.
A frilled lizard comes into view.
The orc shouts!
The orc wizard shouts!
The frilled lizard hisses angrily.
You tentacle-slap the bat.
You kill the bat!
A bat comes into view.
The bat moves out of view.
There are monsters nearby!
The orc wizard misses you. The orc hits you with a +0 trident.
You closely miss the orc wizard. You grab the orc wizard.
You constrict the orc wizard, but do no damage.
The orc wizard points at you and mumbles some strange words.
You are confused.
The orc barely misses you.
There are monsters nearby!
You release your grip on the orc wizard.
The bat attacks as it pursues you! The bat closely misses you.
The bat misses you.
The orc wizard attacks as it pursues you!
The orc wizard hits you with a +0 dagger.
The orc closely misses you.
You're too confused to move!
The bat closely misses you.
The frilled lizard unfolds its giant frill.
The frilled lizard bites you.
The orc hits you from afar with a +0 trident.
The bat misses you.
The frilled lizard attacks as it pursues you!
The frilled lizard bites you but does no damage.
The orc hits you from afar with a +0 trident.
The orc hits you from afar with a +0 trident!
* * * LOW HITPOINT WARNING * * *
You see here a +0 mace.
Your transformation has ended.
You turn into a tree.
Your roots penetrate the ground.
You feel less confused.
The orc wizard points at you and mumbles some strange words.
The puff of flame hits you.
You die...

##........# #..........
#.......... #<......... #
#.......... ###########
#.b........ [.........#
##o.<.....#
#####.....#######..........
####..####.....)♣o.........
##...#[....######l.........
....#..#####...##..........
.#....## #...##.........?
....#..#####...###>....[..#
..####.........# #.......##
..######.......# #.....###
..##.....###...# #.....#
...#.##### #...# .....#


You could see an orc wizard, an orc, a bat and a frilled lizard.

Vanquished Creatures
  An adder (D:2)
  A dart slug (D:1)
  3 orcs (D:2)
  3 ball pythons
  6 endoplasms
  A giant cockroach (D:2)
  A goblin (D:2)
  5 hobgoblins
  3 kobolds (D:1)
  6 bats
  A frilled lizard (D:1)
  7 rats
38 creatures vanquished.

Notes
Turn   | Place    | Note
-------+----------+-------------------------------------------
     0 | D:1      | Killerpretzel the Octopode Shapeshifter began the quest for
                  | the Orb.
     0 | D:1      | Reached XP level 1. HP: 13/13 MP: 1/1
     6 | D:1      | Noticed a redback
     6 | D:1      | Noticed a black bear
     6 | D:1      | Noticed a swamp drake
     7 | D:1      | Noticed a lindwurm
     7 | D:1      | Noticed a komodo dragon
   107 | D:1      | Reached XP level 2. HP: 15/18 MP: 2/2
   446 | D:1      | Reached XP level 3. HP: 18/23 MP: 3/3
   916 | D:2      | Found a radiant altar of Vehumet.
  1105 | D:2      | Killed from afar by an orc wizard

Illustrated notes

Levels and vault maps discovered:
D:1:      onia_arrival_zoo_common, layout_loops_ring, hangedman_glass_teeth,
          minmay_box_of_dots
D:2:      layout_rooms, basic_altar, corexii_shack

Action                     || total
---------------------------++-------
  Melee: Unarmed           ||    58
         Constrict         ||    15
         Tentacles         ||    13
         Punch             ||     1
  Throw: Stone             ||    12
    Use: Scroll            ||     3
         Potion            ||     1
   Stab: Sleeping          ||     7
 Armour: Skin              ||    33
  Dodge: Dodged            ||    35
